 Dungeon Crawl Stone Soup version 0.26-a0-8-gc4d20be10f (webtiles) character file.

Game seed: 10450903488481671210, levelgen mode: deterministic

157615 vurker the Eclecticist (level 16, -1/141 HPs)
             Began as a Purple Draconian Conjurer on May 24, 2020.
             Was a High Priest of Vehumet.
             Slain by a kraken (25 damage)
             ... on level 3 of the Shoals.
             The game lasted 02:13:40 (59100 turns).

vurker the Eclecticist (Purple Draconian Conjurer) Turns: 59100, Time: 02:13:40

Health: -1/141     AC: 19    Str: 15    XL:     16   Next: 85%
Magic:  9/37       EV: 12    Int: 24    God:    Vehumet [*****.]
Gold:   1104       SH: 13    Dex: 11    Spells: 20/49 levels left

rFire    + + .     SeeInvis .   b - +7 scimitar of Ash {speed, +Inv Dex+3}
rCold    + . .     Gourm    .   T - +0 kite shield {rF+}
rNeg     . . .     Faith    .   (armour unavailable)
rPois    +         Spirit   .   J - +2 hat {Int+3}
rElec    .         Reflect  .   I - scarf {rC+ rF+}
rCorr    .         Harm     .   x - +0 pair of gloves
MR       +++..                  Q - +2 pair of boots {run}
Stlth    +++.......             E - amulet of the acrobat
HPRegen  0.33/turn              G - ring of protection from magic
MPRegen  0.25/turn              L - ring of Uthawaf {rPois AC+4 Str+4 Dex-5 Stlth+}

@: quick
A: breathe power, unfitting armour, cold-blooded, AC +9
}: 1/15 runes: serpentine
a: Breathe Dispelling Energy, Renounce Religion, Evoke Invisibility


You were on level 3 of the Shoals.
You worshipped Vehumet.
Vehumet was extremely pleased with you.
You were near starving.

You visited 6 branches of the dungeon, and saw 31 of its levels.
You also visited: Ossuary.

You collected 3016 gold pieces.
You spent 1912 gold pieces at shops.

Inventory:

Hand Weapons
 b - the +7 scimitar of Ash (weapon) {speed, +Inv Dex+3}
   (You found it on level 13 of the Dungeon)

   Attacks with this weapon are significantly faster.
   It affects your dexterity (+3).
   It lets you turn invisible.
Armour
 x - a +0 pair of gloves (worn)
   (You found it on level 6 of the Dungeon)
 I - a scarf of resistance (worn)
   (You found it on level 10 of the Dungeon)
 J - a +2 hat of intelligence (worn)
   (You took it off Gastronok on level 11 of the Dungeon)
 Q - a +2 pair of boots of running (worn)
   (You found it on level 5 of the Lair of Beasts)
 T - a +0 kite shield of fire resistance (worn)
   (You took it off a naga warrior on level 3 of the Snake Pit)
Magical Staves
 a - an uncursed staff of summoning
   (You found it on level 1 of the Lair of Beasts)
Jewellery
 f - an uncursed ring of see invisible
   (You found it on level 1 of the Dungeon)
 i - a +4 ring of protection
   (You found it on level 13 of the Dungeon)
 l - an uncursed ring of protection from fire
   (You found it on level 4 of the Dungeon)
 w - an uncursed ring of flight
   (You found it on level 5 of the Dungeon)
 E - an amulet of the acrobat (around neck)
   (You found it on level 13 of the Dungeon)
 G - a ring of protection from magic (left hand)
   (You found it on level 10 of the Dungeon)
 L - the ring of Uthawaf (right hand) {rPois AC+4 Str+4 Dex-5 Stlth+}
   (You found it on level 5 of the Lair of Beasts)

   [ring of protection]

   It affects your AC (+4).
   It affects your strength (+4).
   It affects your dexterity (-5).
   It protects you from poison.
   It makes you more stealthy.
Wands
 c - a wand of disintegration (13)
   (You took it off a naga on level 4 of the Snake Pit)
 d - a wand of iceblast (26)
   (You took it off a big kobold on level 8 of the Dungeon)
 t - a wand of flame (51)
   (You took it off Maggie on level 2 of the Lair of Beasts)
 u - a wand of paralysis (20)
   (You found it on level 10 of the Dungeon)
 K - a wand of enslavement (9)
   (You found it on level 3 of the Snake Pit)
 U - a wand of polymorph (5)
   (You found it on level 3 of the Snake Pit)
Scrolls
 g - 8 scrolls of amnesia
 h - 25 scrolls of remove curse
 j - a scroll of blinking
 k - 6 scrolls of fog
 o - 3 scrolls of enchant weapon
 p - 10 scrolls of teleportation
 q - a scroll of enchant armour
 r - 11 scrolls of identify
 s - 4 scrolls of immolation
 y - 4 scrolls of fear
 A - 2 scrolls of summoning
 N - a scroll of vulnerability
 O - a scroll of silence
 V - 4 scrolls of magic mapping
Potions
 m - 3 potions of ambrosia
 n - 2 potions of mutation
 v - 18 potions of curing
 z - 6 potions of brilliance
 B - 6 potions of haste
 C - a potion of invisibility
 D - 3 potions of resistance
 F - 3 potions of cancellation
 M - 3 potions of heal wounds
 P - 4 potions of lignification
 R - 4 potions of flight
 S - 3 potions of magic
Miscellaneous
 H - 2 boxes of beasts
Comestibles
 e - 12 rations


   Skills:
 + Level 12.6 Fighting
 - Level 1.7 Dodging
 - Level 1.7 Stealth
 * Level 14.7 Shields
 * Level 17.1 Spellcasting
 - Level 14.0 Conjurations
 - Level 7.0 Hexes
 * Level 10.7 Summonings


You had 20 spell levels left.
You knew the following spells:

 Your Spells              Type           Power        Failure   Level  Hunger
a - Orb of Destruction    Conj           ######....   1%          7    #####..
b - Searing Ray           Conj           ######       0%          2    None
c - Summon Mana Viper     Hex/Summ       ######..     1%          5    None
d - Fulminant Prism       Conj/Hex       ######....   1%          4    None
e - Shadow Creatures      Summ           N/A          4%          6    ####...
z - Fireball              Conj/Fire      ######....   1%          5    None

Your spell library contained the following spells:

 Spells                   Type           Power        Failure   Level  Hunger
 Starburst                Conj/Fire      ######....   6%          6    ####...
 Magic Dart               Conj           ####         0%          1    None
 Foxfire                  Conj/Fire      ####         1%          1    None
 Summon Butterflies       Summ           ######..     1%          1    None
 Call Canine Familiar     Summ           ######..     1%          3    None
 Confusing Touch          Hex            ######..     1%          3    None
 Conjure Flame            Conj/Fire      ######..     1%          3    None
 Dazzling Flash           Conj/Hex       ######       1%          3    None
 Inner Flame              Hex/Fire       #####...     1%          3    None
 Mephitic Cloud           Conj/Pois/Air  #####...     1%          3    None
 Recall                   Summ/Tloc      N/A          1%          3    None
 Iskenderun's Mystic Bla  Conj/Tloc      ######..     1%          4    None
 Sticky Flame             Conj/Fire      ######..     1%          4    None
 Aura of Abjuration       Summ           ######....   1%          5    None
 Summon Demon             Summ           ######....   1%          5    None
 Sting                    Tmut/Pois      ###.         2%          1    None
 Ignite Poison            Fire/Tmut/Pois ###.....     2%          3    None
 Summon Ice Beast         Ice/Summ       #####...     2%          4    None
 Poisonous Vapours        Pois/Air       ###...       3%          2    None
 Yara's Violent Unravell  Hex/Tmut       #####.....   4%          5    None
 Olgreb's Toxic Radiance  Pois           ###.....     7%          4    None
 Gell's Gravitas          Tloc           ###.......   8%          3    None
 Summon Forest            Summ/Tloc      #####.....   8%          5    None
 Metabolic Englaciation   Hex/Ice        #####.....   17%         5    None
 Petrify                  Tmut/Erth      ###.....     26%         4    None
 Summon Hydra             Summ           ######....   26%         7    #####..


Dungeon Overview and Level Annotations

Branches:
Dungeon (15/15)            Temple (1/1) D:6            Lair (6/6) D:8
 Shoals (2/4) Lair:2        Snake (4/4) Lair:3        Slime (0/5) Lair:6
    Orc (2/2) D:10            Elf (0/3) Orc:2        Vaults (0/5) D:14
 Depths (0/5) D:15        Ossuary (visited)

Altars:
Ashenzari
Cheibriados
Dithmenos
Elyvilon
Fedhas
Gozag
Hepliaklqana
Kikubaaqudgha
Makhleb
Nemelex Xobeh
Okawaru
Qazlal
Ru
Sif Muna
Trog
Uskayaw
Vehumet
Wu Jian
Xom
Yredelemnul
Zin
The Shining One

Shops:
D:7 ?   D:8 ?}=*?   D:12 (   Orc:2 **[:(*(**   Snake:3 ?


Innate Abilities, Weirdness & Mutations

You can breathe bolts of dispelling energy.
Your rich purple scales are hard. (AC +9)
You cannot fit into any form of body armour.
You are cold-blooded and may be slowed by cold attacks.


Message History

The kraken barely misses you. The tentacle slaps you!!
The tentacle slaps your mana viper.
Your mana viper bites the kraken but does no damage.
The tentacle slaps you! The tentacle slaps your mana viper!
You hit the kraken.
Your mana viper bites the kraken.
The tentacle barely misses you.
The tentacle closely misses your mana viper.
You block the tentacle's attack. You block the kraken's attack.
The tentacle slaps your mana viper!
Your mana viper bites the kraken but does no damage. x2
Aim: a kraken (water, lightly wounded)
The wavering orb of destruction weakly hits the kraken!!
You are feeling very hungry.
The tentacle slaps you!
* * * LOW HITPOINT WARNING * * *
The tentacle completely misses your mana viper.
The tentacle slaps you!
* * * LOW HITPOINT WARNING * * *
The tentacle misses your mana viper. You block the kraken's attack.
Your mana viper bites the kraken!!
The tentacle misses you.
You riposte.
You slash the tentacle!
Your mana viper bites the kraken but does no damage.
The tentacle slaps you but does no damage.
The tentacle completely misses your mana viper.
The tentacle closely misses your mana viper.
The kraken bites you.
* * * LOW HITPOINT WARNING * * *
A tentacle segment comes into view.
Aim: a kraken (water, heavily wounded)
The wavering orb of destruction weakly hits your mana viper!!
You blow up your mana viper!
The tentacle closely misses you. You block the tentacle's attack.
The tentacle misses your mana viper.
Your mana viper bites the kraken but does no damage.
A tentacle segment bursts forth from the water.
You block the kraken's attack. The tentacle closely misses you.
The tentacle slaps you but does no damage.
The tentacle slaps your mana viper. The tentacle misses your mana viper.
Your mana viper bites the kraken but does no damage.
A tentacle segment comes into view.
Aim: a kraken (water, heavily wounded)
The wavering orb of destruction weakly hits the kraken!
You are near starving!
The tentacle slaps you but does no damage.
The kraken bites you!!
* * * LOW HITPOINT WARNING * * *
You block the tentacle's attack.
The tentacle slaps your mana viper but does no damage.
Your mana viper bites the tentacle!
The kraken bites you!!
You die...

≈≈≈.... #.÷..≈≈≈≈≈≈≈≈
≈≈≈....###.((≈≈≈≈≈≈≈≈≈
≈≈≈≈...^)....≈≈≈≈≈≈≈≈≈
≈≈≈≈............≈≈≈≈≈≈
m≈≈≈........#....≈≈≈≈
≈≈≈≈.).....###...≈≈≈
≈≈≈≈..##..###...≈≈
≈≈.≈.# ##.....≈≈≈≈
≈≈... #.w@.Sw≈≈≈≈
≈≈.......│wXw≈≈≈≈≈
≈≈..≈...≈≈≈≈≈≈≈≈≈≈
.....≈≈≈≈≈≈≈≈≈≈
##..≈≈≈≈≈≈≈≈≈≈≈
#..≈≈≈≈≈≈≈≈≈≈≈≈
#...≈≈≈≈≈≈≈≈≈≈≈
../≈≈≈≈≈≈≈≈≈≈≈≈


You could see a kraken, 4 tentacles and a friendly mana viper (summoned).

Vanquished Creatures
  Gastronok (D:11)
  A nagaraja (Snake:4)
  Louise (D:14)
  A stone giant (Orc:1)
  Nessos (D:14)
  A merfolk impaler (Lair:2)
  Fannar (D:11)
  2 naga warriors (Snake:4)
  8 hydras
  2 anacondas (Snake:1)
  5 two-headed ogres
  Erica (Lair:2)
  An ogre mage (D:15)
  2 tengu warriors (D:15)
  A centaur warrior (D:15)
  A satyr (Shoals:3)
  3 death yaks
  3 orc high priests (Orc:2)
  2 shock serpents
  4 naga sharpshooters
  A salamander mystic (Snake:2)
  4 harpies (Shoals:1)
  A naga ritualist (Snake:2)
  3 orc knights (Orc:2)
  3 mana vipers
  6 ugly things
  2 fauns (Shoals:1)
  A salamander (Snake:2)
  5 manticores
  2 merfolk sirens
  9 elephants
  10 black mambas
  A guardian serpent (Snake:4)
  6 naga magi
  The ghost of sigonnn the Skirmisher, a novice DsAs (D:4)
  A water nymph (Shoals:1)
  3 torpor snails (Lair:6)
  10 spiny frogs
  Maggie (Lair:2)
  2 rime drakes
  5 komodo dragons
  4 kobold demonologists
  3 merfolk
  8 trolls
  2 tyrant leeches (Lair:6)
  15 nameless horrors
  2 meliai (D:13)
  A polar bear (Lair:6)
  Prince Ribbit (D:8)
  3 hornets
  10 blink frogs
  A slime creature (D:11)
  8 hippogriffs
  A meliai zombie (D:13)
  7 wyverns
  A water elemental (Shoals:1)
  A shadow (D:13)
  20 yaks
  2 wraiths (D:11)
  2 hogs (D:10)
  5 basilisks
  2 hungry ghosts (D:11)
  A steam dragon (D:8)
  A vampire mosquito (D:15)
  A warg (Orc:1)
  7 nagas
  9 water moccasins
  An acid dragon (D:15)
  A soldier ant (D:14)
  4 porcupines
  Duvessa (D:6)
  3 sky beasts
  14 orc warriors
  3 ice beasts
  8 black bears
  A necrophage (D:10)
  7 ogres
  14 wolves
  15 centaurs
  11 crocodiles
  7 big kobolds
  2 elf zombies (D:8)
  Blork the orc (D:3)
  A gnoll sergeant (D:10)
  16 bullfrogs
  A water moccasin zombie (Ossuary)
  2 elf skeletons (D:8)
  Dowan (D:6)
  6 scorpions
  3 killer bees (D:11)
  5 wights
  5 howler monkeys
  10 electric eels
  5 crimson imps
  A bullfrog zombie (D:8)
  7 hounds
  A quasit (D:11)
  3 human zombies (D:8)
  2 centaur skeletons
  17 orc priests
  10 jellies
  2 bullfrog skeletons
  2 gnoll shamans (D:10)
  4 human skeletons (D:8)
  3 iguanas
  23 orc wizards
  9 worker ants
  3 big kobold zombies (Ossuary)
  2 hound skeletons
  2 mummies (Ossuary)
  16 gnolls
  A worker ant zombie (D:7)
  13 adders
  2 shadow imps
  9 oozes
  5 adder zombies
  An adder skeleton (D:9)
  2 worms (D:2)
  2 dart slugs
  6 leopard geckos
  69 orcs
  2 ball pythons
  9 bats
  6 giant cockroaches
  A gnoll zombie (Ossuary)
  14 goblins
  10 hobgoblins
  20 jackals
  25 kobolds
  4 quokkas
  5 frilled lizards
  4 kobold zombies (Ossuary)
  A leopard gecko zombie (D:7)
  9 orc zombies (Ossuary)
  A quokka skeleton (D:6)
  9 rats
  A fulminant prism (D:15)
  A fungus (Lair:6)
724 creatures vanquished.

Vanquished Creatures (collateral kills)
  Jorgrun (Snake:1)
  Rupert (D:14)
  6 nagarajas
  2 orc warlords
  An ironheart preserver (D:14)
  An ettin (D:15)
  Josephine (D:10)
  16 naga warriors
  3 hydras
  An ice dragon (Lair:6)
  A merfolk avatar (Shoals:1)
  7 two-headed ogres
  5 anacondas
  An ogre mage (D:15)
  4 centaur warriors
  2 death yaks (Lair:3)
  5 naga sharpshooters
  2 tengu warriors (D:15)
  3 orc high priests
  4 shock serpents
  A deep elf knight (Orc:1)
  A salamander mystic (Snake:3)
  Nergalle (Orc:1)
  An unseen horror (D:14)
  4 sea snakes
  A deep elf archer (D:15)
  An unseen horror (shapeshifter) (D:15)
  4 naga ritualists
  A lindwurm (Lair:6)
  11 mana vipers
  3 orc knights
  2 orc sorcerers
  4 manticores
  12 salamanders
  2 fauns (Shoals:1)
  2 deep elf magi (Orc:1)
  2 slime creatures (D:15)
  5 ugly things
  A merfolk siren (Shoals:1)
  2 guardian serpents
  25 naga magi
  2 water nymphs
  2 gargoyles
  17 black mambas
  3 centaur zombies
  2 torpor snails (Lair:6)
  2 centaur skeletons
  3 kobold demonologists (D:15)
  2 freezing wraiths (D:15)
  A tengu conjurer (D:14)
  5 trolls
  5 merfolk
  4 hornets (Lair:6)
  A wind drake (Shoals:1)
  2 tyrant leeches (Lair:6)
  4 hippogriffs
  2 meliai
  A blink frog (Lair:3)
  2 snapping turtles (Shoals:1)
  A meliai zombie (D:14)
  5 wraiths
  A centaur simulacrum (D:14)
  8 nameless horrors
  13 yaks
  A hog (shapeshifter) (D:14)
  4 vampire mosquitoes
  40 nagas
  3 wargs
  An acid dragon (D:14)
  2 porcupines (Lair:3)
  2 water moccasins
  23 orc warriors
  2 ice beasts (D:12)
  A sky beast (D:15)
  A black bear (shapeshifter) (D:14)
  A hornet zombie (D:14)
  4 ogres
  3 centaurs (D:15)
  A crocodile (D:13)
  5 bullfrogs
  2 crimson imps
  2 hounds
  2 jellies (D:13)
  20 orc priests
  8 orc wizards (Orc:1)
  A worker ant (D:12)
  27 orcs
  3 kobolds (D:15)
400 creatures vanquished.

Vanquished Creatures (others)
  An orc wizard (D:8)
  2 orcs (D:8)
  3 kobolds (D:8)
  86 fulminant prisms
  5 fungi
  21 plants
118 creatures vanquished.

Grand Total: 1242 creatures vanquished

Notes
Turn   | Place    | Note
-------+----------+-------------------------------------------
     0 | D:1      | vurker the Draconian Conjurer began the quest for the Orb.
     0 | D:1      | Reached XP level 1. HP: 14/14 MP: 3/3
   480 | D:1      | Reached XP level 2. HP: 21/22 MP: 0/5
   854 | D:1      | Reached skill level 1 in Fighting
   907 | D:1      | Reached XP level 3. HP: 23/28 MP: 3/6
  1889 | D:2      | Reached skill level 3 in Spellcasting
  1889 | D:2      | Reached XP level 4. HP: 34/35 MP: 3/8
  2359 | D:2      | Found a hide-covered altar of Uskayaw.
  2503 | D:2      | Reached skill level 5 in Conjurations
  2645 | D:2      | Found a burning altar of Makhleb.
  2683 | D:2      | Reached XP level 5. HP: 22/41 MP: 2/10
  2922 | D:2      | Learned a level 2 spell: Searing Ray
  3319 | D:3      | Found a white marble altar of Elyvilon.
  3804 | D:3      | Reached skill level 4 in Spellcasting
  4072 | D:4      | Noticed Blork the orc
  4090 | D:3      | Killed Blork the orc
  4090 | D:3      | Reached XP level 6. HP: 13/50 MP: 5/12
  4751 | D:4      | Found a shimmering altar of Xom.
  5024 | D:4      | Your scales start taking on a rich purple colour.
  5024 | D:4      | Reached skill level 5 in Spellcasting
  5024 | D:4      | Reached XP level 7. HP: 57/57 MP: 8/15
  5188 | D:4      | Found an opulent altar of Gozag.
  5189 | D:4      | Found a sacrificial altar of Ru.
  5324 | D:5      | Entered Level 5 of the Dungeon
  5836 | D:5      | Reached skill level 1 in Shields
  5933 | D:5      | Reached skill level 6 in Spellcasting
  6274 | D:5      | Found a hide-covered altar of Uskayaw.
  6667 | D:5      | Found a runed translucent door.
  6668 | D:5      | Noticed sigonnn's ghost (novice DsAs)
  6862 | D:4      | Killed sigonnn's ghost
  6862 | D:4      | Reached skill level 7 in Spellcasting
  6862 | D:4      | Reached XP level 8. HP: 20/66 MP: 16/18
  7166 | D:5      | Got a crude ivory amulet
  7169 | D:5      | Identified the amulet "Bepligg" {Faith MR+ Dex+3} (You
                  | found it on level 5 of the Dungeon)
  7358 | D:6      | Found a staircase to the Ecumenical Temple.
  7364 | Temple   | Entered the Ecumenical Temple
  8196 | D:6      | Reached skill level 5 in Fighting
  8405 | D:6      | Noticed Prince Ribbit
  8653 | D:6      | Reached skill level 8 in Spellcasting
  9044 | D:6      | Reached XP level 9. HP: 68/74 MP: 18/21
  9045 | D:6      | Noticed Dowan
  9048 | D:6      | Killed Dowan
  9049 | D:6      | Noticed Duvessa
  9062 | D:6      | Killed Duvessa
  9392 | D:7      | Found Fupui's Magic Scroll Shop.
  9503 | D:7      | Found an iron altar of Okawaru.
 10124 | D:7      | Reached skill level 9 in Spellcasting
 10281 | D:7      | Found a shimmering blue altar of Sif Muna.
 10311 | D:7      | Reached skill level 5 in Shields
 10480 | D:8      | Found a sand-covered staircase.
 10490 | Ossuary  | Entered an ossuary
 11180 | D:8      | Found Fuoboica's Magic Scroll Boutique.
 11294 | D:8      | Bought 2 scrolls of identify for 60 gold pieces
 11294 | D:8      | Bought a scroll of identify for 30 gold pieces
 11448 | D:8      | Reached XP level 10. HP: 73/83 MP: 18/23
 11815 | D:8      | Found Jeathreiju's Jewellery Shoppe.
 12223 | D:8      | Killed Prince Ribbit
 12767 | D:8      | Found a staircase to the Lair.
 13175 | D:8      | Reached skill level 10 in Spellcasting
 13319 | D:8      | Found Ocoahoip's Magic Scroll Emporium.
 13326 | D:8      | Bought a scroll of identify for 30 gold pieces
 13840 | D:8      | Found a radiant altar of Vehumet.
 13849 | D:8      | Found Bire's Assorted Antiques.
 13859 | D:8      | Became a worshipper of Vehumet
 13968 | D:8      | Bought a scroll labeled XIYCEVYH ITO for 29 gold pieces
 14120 | D:8      | Found Koeblapp's Gadget Shop.
 14267 | D:8      | Reached skill level 10 in Conjurations
 14887 | D:9      | Noticed a two-headed ogre
 14906 | D:9      | Killed a two-headed ogre
 15354 | D:9      | Reached * piety under Vehumet
 15354 | D:9      | Offered knowledge of Sandblast by Vehumet.
 15879 | D:10     | Entered Level 10 of the Dungeon
 15954 | D:10     | Found a staircase to the Orcish Mines.
 16020 | D:10     | Reached XP level 11. HP: 92/92 MP: 20/25
 16359 | D:10     | Reached skill level 11 in Spellcasting
 17554 | D:10     | Reached ** piety under Vehumet
 17685 | D:10     | Offered knowledge of Shock by Vehumet.
 18059 | D:10     | Noticed a two-headed ogre
 18078 | D:10     | Killed a two-headed ogre
 18638 | D:10     | Learned a level 5 spell: Summon Mana Viper
 18935 | D:10     | Reached skill level 1 in Hexes
 19129 | D:10     | Reached skill level 1 in Summonings
 19591 | D:10     | Found an ornate altar of the Wu Jian Council.
 20302 | D:11     | Reached XP level 12. HP: 103/103 MP: 23/27
 20408 | D:11     | Noticed Gastronok
 20420 | D:11     | Reached skill level 12 in Spellcasting
 20425 | D:11     | Killed Gastronok
 20584 | D:11     | Offered knowledge of Inner Flame by Vehumet.
 20859 | D:11     | Noticed Fannar
 21227 | D:11     | Noticed a two-headed ogre
 21244 | D:11     | Killed a two-headed ogre
 21252 | D:11     | Killed Fannar
 21389 | D:11     | Reached *** piety under Vehumet
 21775 | Lair:1   | Entered Level 1 of the Lair of Beasts
 21775 | Lair:1   | Noticed a six-headed hydra
 21782 | Lair:1   | Killed a six-headed hydra
 22304 | Lair:1   | Reached skill level 10 in Shields
 22950 | Lair:2   | Noticed Maggie
 22967 | Lair:2   | Killed Maggie
 23415 | Lair:2   | Offered knowledge of Hailstorm by Vehumet.
 23417 | Lair:2   | Noticed Erica
 23429 | Lair:2   | Killed Erica
 23585 | Lair:2   | Learned a level 4 spell: Fulminant Prism
 23590 | Lair:2   | Learned a level 4 spell: Iskenderun's Mystic Blast
 23858 | Lair:2   | Found a staircase to the Shoals.
 24185 | Lair:2   | Reached XP level 13. HP: 111/111 MP: 19/29
 24372 | Lair:3   | Reached skill level 13 in Spellcasting
 25255 | Lair:3   | Reached **** piety under Vehumet
 25692 | Lair:3   | Offered knowledge of Lightning Bolt by Vehumet.
 26258 | Lair:3   | Found a staircase to the Snake Pit.
 26772 | Lair:4   | Reached skill level 5 in Hexes
 27822 | Lair:5   | Got a crude lead ring
 27823 | Lair:5   | Identified the ring of Uthawaf {rPois AC+4 Str+4 Dex-5
                  | Stlth+} (You found it on level 5 of the Lair of Beasts)
 28287 | Lair:5   | Identified a +0 pair of boots of running (You found it on
                  | level 5 of the Lair of Beasts)
 28846 | Lair:6   | Entered Level 6 of the Lair of Beasts
 29253 | Lair:6   | Reached skill level 5 in Summonings
 29266 | Lair:6   | Reached skill level 10 in Fighting
 30219 | Lair:6   | Found a staircase to the Slime Pits.
 30314 | Lair:6   | Reached XP level 14. HP: 114/121 MP: 21/31
 30459 | Lair:6   | Found a runed translucent door.
 30481 | Lair:6   | Reached skill level 14 in Spellcasting
 32058 | Orc:1    | Entered Level 1 of the Orcish Mines
 32073 | Orc:1    | Reached ***** piety under Vehumet
 32073 | Orc:1    | Offered knowledge of Fireball by Vehumet.
 32075 | Orc:1    | Noticed Josephine
 32209 | D:10     | Killed Josephine
 32321 | Orc:1    | Noticed Nergalle
 32473 | Orc:1    | Killed Nergalle
 32809 | Orc:1    | Noticed an orc warlord
 32994 | D:10     | Learned a level 5 spell: Fireball
 33349 | D:10     | Killed an orc warlord
 33822 | Orc:1    | Noticed an orc warlord
 33833 | Orc:1    | Killed an orc warlord
 33944 | Orc:1    | Noticed a stone giant
 33956 | Orc:1    | Killed a stone giant
 34227 | Orc:2    | Entered Level 2 of the Orcish Mines
 34227 | Orc:2    | Found Fabygg's Assorted Antiques.
 34295 | Orc:2    | Found Vabukkui's General Store.
 34362 | Orc:2    | Bought a lumpy coppery potion for 27 gold pieces
 34362 | Orc:2    | Bought a scroll labeled ZATHRO BOISMI for 30 gold pieces
 34389 | Orc:2    | Found a staircase to the Elven Halls.
 34393 | Orc:2    | Bought a scroll of teleportation for 42 gold pieces
 34528 | Orc:2    | Found an iron altar of Okawaru.
 34532 | Orc:2    | Found Vanny's General Store.
 34546 | Orc:2    | Bought a scroll of teleportation for 45 gold pieces
 34546 | Orc:2    | Bought a potion of heal wounds for 75 gold pieces
 34699 | Orc:2    | Offered knowledge of Iskenderun's Battlesphere by Vehumet.
 34967 | Orc:2    | Found Sechor's Antique Weapon Boutique.
 35218 | Orc:2    | Found Linut's Assorted Antiques.
 36424 | Orc:2    | Found Zeumam's Antique Armour Boutique.
 36427 | Orc:2    | Found Xaiweis's Assorted Antiques.
 36428 | Orc:2    | Found Cir Rissu's Book Boutique.
 36429 | Orc:2    | Found Zepleang's Weapon Shop.
 36433 | Orc:2    | Bought a scroll of fog for 72 gold pieces
 37061 | D:12     | Found Avvanlea's Antique Weapon Emporium.
 38823 | D:13     | Offered knowledge of Orb of Destruction by Vehumet.
 39046 | D:13     | Got a polished scimitar
 39047 | D:13     | Identified the +7 scimitar of Ash {speed, +Inv Dex+3} (You
                  | found it on level 13 of the Dungeon)
 39112 | D:14     | Noticed an ironheart preserver
 39134 | D:14     | Noticed Rupert
 39134 | D:14     | Noticed Louise
 39222 | D:14     | Killed an ironheart preserver
 39240 | D:14     | Killed Rupert
 39240 | D:14     | Reached skill level 15 in Spellcasting
 39240 | D:14     | Reached XP level 15. HP: 121/129 MP: 5/34
 39251 | D:14     | Killed Louise
 39546 | D:14     | Found a gate to the Vaults.
 39636 | D:14     | Noticed Nessos
 39641 | D:14     | Killed Nessos
 40478 | D:14     | Learned a level 7 spell: Orb of Destruction
 40479 | D:15     | Entered Level 15 of the Dungeon
 42315 | D:15     | Found a staircase to the Depths.
 43913 | D:8      | Bought an uncursed ring of poison resistance for 260 gold
                  | pieces
 44056 | Orc:2    | Bought a book of Summonings for 1050 gold pieces
 44063 | Orc:2    | Learned a level 6 spell: Shadow Creatures
 44275 | Snake:1  | Entered Level 1 of the Snake Pit
 45521 | Snake:1  | Offered knowledge of Bolt of Magma by Vehumet.
 46064 | Snake:1  | Noticed Jorgrun
 46229 | Snake:1  | Killed Jorgrun
 47719 | Snake:1  | Reached skill level 16 in Spellcasting
 48418 | Snake:2  | Noticed a nagaraja
 48429 | Snake:2  | Killed a nagaraja
 48938 | Snake:2  | Reached XP level 16. HP: 139/139 MP: 28/36
 50033 | Snake:2  | Offered knowledge of Starburst by Vehumet.
 51066 | Snake:3  | Found Virr's Magic Scroll Boutique.
 51071 | Snake:3  | Bought a scroll of teleportation for 54 gold pieces
 51071 | Snake:3  | Bought a scroll of teleportation for 54 gold pieces
 51071 | Snake:3  | Bought a scroll of teleportation for 54 gold pieces
 52827 | Snake:4  | Entered Level 4 of the Snake Pit
 54552 | Snake:4  | Reached skill level 10 in Summonings
 55363 | Snake:4  | Identified the +1 broad axe of Afafe {freeze, Int+3 Dex+4}
 56270 | Snake:4  | Got a serpentine rune of Zot
 56482 | Shoals:1 | Entered Level 1 of the Shoals
 57161 | Lair:2   | Reached skill level 17 in Spellcasting
 58113 | Shoals:1 | Reached ****** piety under Vehumet
 58762 | Shoals:2 | You fall into a shaft and drop 1 floor!
 59086 | Shoals:3 | Noticed a kraken
 59100 | Shoals:3 | Slain by a kraken

Illustrated notes

Levels and vault maps discovered:
D:1:      elethiomel_arrival_maze, layout_basic, serial_forest,
          infiniplex_forest_lined_2, infiniplex_forest_clump_large,
          infiniplex_forest_straight_4, infiniplex_forest_end_1,
          infiniplex_forest_clump_small, minivault_26, minmay_pentomino_u4
D:2:      layout_loops_ring, makhleb_grotto_becter, old_standard_altar
D:3:      layout_loops_ring, lemuel_coloured_pillars_altar
D:4:      layout_cave_pools, gammafunk_temple_overflow_statue, tgw_xom,
          uniq_blork_the_orc
D:5:      layout_basic, ebering_ghost_reflecting_pool, basic_altar, first_ration
D:6:      layout_loops_corners, minmay_temple_entry_enclosed_plants,
          minmay_holes, uniq_prince_ribbit1, uniq_duvessa
D:7:      layout_gridville, lemuel_doored_altar, nicolae_overflow_crystal_walls,
          serial_shops, shop_statue
D:8:      layout_gridville, fiery_altar_vehumet, erik_lair_island,
          nicolae_ossuary_entry_catacombs, serial_shops, shop,
          nicolae_shop_crystal, kennysheep_mini_moat, shop,
          nicolae_shop_statue_plus
D:9:      layout_rooms
D:10:     kennysheep_town
D:11:     layout_loops_ring, hangedman_little_slice_of_home, uniq_gastronok,
          uniq_fannar
D:12:     layout_loops_ring, kennysheep_small_square
D:13:     layout_gridville
D:14:     layout_roguey, skrybe_vaults_entry_preservation, uniq_nessos,
          uniq_rupert, uniq_louise
D:15:     hangedman_depths_entry_civil_slaughter, layout_layer_cave,
          hangedman_abyss_or_decor_stagger
Temple:   nicolae_temple_great_sept
Lair:1:   layout_regular_city, patterned_corridor, infiniplex_staircase_pool
Lair:2:   layout_gridlike, minmay_shoals_entry_lonely_mermaid,
          minmay_hedge_maze, grunt_megastairs_5, uniq_maggie, uniq_erica
Lair:3:   layout_misc_corridors, minmay_snake_entry_guardpost_medium
Lair:4:   layout_loops_ring, serial_bayou_lagoon_b, grunt_megastairs_3
Lair:5:   layout_regular_city, st_stairs_12, chequers_serial_rivers_marsh,
          beast_lair_carwin_2, serial_bayou_shore_a
Lair:6:   wormcave, layout_regular_city, nicolae_slime_entry_slimehenge,
          st_stairs_11, chequers_serial_rivers_small_b, grunt_megastairs_1
Shoals:1: layout_shoals
Shoals:2: layout_shoals
Shoals:3: layout_shoals, argonaut_gorgonesque
Snake:1:  layout_grid_maze, statue_in_the_mist_lemuel, uniq_jorgrun
Snake:2:  layout_onion_interference
Snake:3:  layout_gridlike, serial_shops, nicolae_shop_trees
Snake:4:  snake_pit, layout_cave_town
Orc:1:    layout_diamond_mine, elf_legates, uniq_nergalle, uniq_josephine
Orc:2:    st_orc_pillars, layout_caves, serial_shops, shop,
          nicolae_shop_statue_plus, shop, shop, shop, okawaru_metal_pillars_3

Skill      XL: |  1  2  3  4  5  6  7  8  9 10 11 12 13 14 15 16 |
---------------+-------------------------------------------------+-----
Fighting       | 1 2 3 4 5 6 7 8 9 10 11 12 | 12.6
Spellcasting   | 3 4 5 7 8 9 10 11 12 13 15 16 17 | 17.1
Conjurations   | 5 6 7 8 9 10 11 12 13 14 | 14.0
Shields        | 2 3 5 7 9 10 11 12 13 14 | 14.7
Hexes          | 1 4 5 7 |  7.0
Summonings     | 1 3 5 6 8 10 | 10.7
Dodging        | |  1.7
Stealth        | |  1.7

Action                   |  1- 3 |  4- 6 |  7- 9 | 10-12 | 13-15 | 16-18 || total
-------------------------+-------+-------+-------+-------+-------+-------++-------
Melee: Dagger            |    21 |       |       |       |       |       ||    21
       Unarmed           |     2 |       |       |       |       |       ||     2
       Whip              |    50 |   195 |   532 |   164 |   428 |       ||  1369
       Tailslap          |     2 |    22 |    98 |    25 |    89 |    33 ||   269
       Staff             |       |       |       |       |     1 |    16 ||    17
       Scimitar          |       |       |       |       |   355 |   222 ||   577
 Cast: Magic Dart        |    43 |    38 |    97 |   448 |   184 |       ||   810
       Searing Ray       |       |     4 |    21 |   142 |   105 |     8 ||   280
       Fulminant Prism   |       |       |       |     5 |    81 |     1 ||    87
       Iskenderun's Myst |       |       |       |     5 |       |       ||     5
       Summon Mana Viper |       |       |       |       |   351 |   112 ||   463
       Fireball          |       |       |       |       |     1 |       ||     1
       Orb of Destructio |       |       |       |       |    25 |    25 ||    50
       Shadow Creatures  |       |       |       |       |     7 |   113 ||   120
 Abil: Breathe Dispellin |       |       |     5 |     7 |     5 |     5 ||    22
Evoke: Wand              |       |       |       |     1 |     3 |     5 ||     9
  Use: Potion            |       |       |     2 |     1 |     3 |       ||     6
       Scroll            |       |       |    19 |     6 |    21 |     4 ||    50
 Stab: Sleeping          |       |     2 |    12 |       |       |     1 ||    15
       Distracted        |       |       |     1 |       |     5 |     3 ||     9
  Eat: Chunk             |     3 |    11 |    15 |    27 |    55 |    16 ||   127
       Ration            |       |       |     2 |     4 |    15 |    12 ||    33
Armor: Skin              |    11 |    65 |   179 |   113 |   475 |   117 ||   960
Dodge: Dodged            |    52 |   137 |   304 |   216 |   513 |   177 ||  1399
Block: Kite shield       |       |       |   160 |   230 |   777 |   211 ||  1378
       Rpst.: Scimitar   |       |       |       |       |    41 |    21 ||    62

Table legend:
 A = Non-vault XP
 B = Vault XP
 C = Vault XP percentage of total XP
 D = Non-vault monster count
 E = Vault monster count
 F = Vault count percentage of total count
                 A         B        C        D         E       F
            +---------+---------+-------+---------+---------+-------
      Total |  141932 |   64661 |  31.3 |     809 |     290 |  26.4
            +---------+---------+-------+---------+---------+-------
        D:1 |      44 |       5 |  10.2 |      23 |       3 |  11.5
        D:2 |     136 |      50 |  26.9 |      26 |       1 |   3.7
        D:3 |     142 |      87 |  38.0 |      32 |       1 |   3.0
        D:4 |     161 |     526 |  76.6 |       9 |       8 |  47.1
        D:5 |     554 |       0 |   0.0 |      35 |       0 |   0.0
        D:6 |    1226 |     205 |  14.3 |      31 |       2 |   6.1
        D:7 |    1234 |       0 |   0.0 |      41 |       0 |   0.0
        D:8 |    1917 |    1851 |  49.1 |      40 |      20 |  33.3
        D:9 |    2185 |     504 |  18.7 |      26 |       3 |  10.3
       D:10 |    3357 |    8642 |  72.0 |      27 |      50 |  64.9
       D:11 |    4813 |    3622 |  42.9 |      25 |      11 |  30.6
       D:12 |    3165 |     204 |   6.1 |      23 |       2 |   8.0
       D:13 |    6363 |       0 |   0.0 |      25 |       0 |   0.0
       D:14 |    4515 |    6252 |  58.1 |      20 |      11 |  35.5
       D:15 |   14551 |    4334 |  22.9 |      63 |       6 |   8.7
     Lair:1 |    4074 |       0 |   0.0 |      14 |       0 |   0.0
     Lair:2 |    5491 |    1982 |  26.5 |      20 |       4 |  16.7
     Lair:3 |    7936 |     410 |   4.9 |      29 |       4 |  12.1
     Lair:4 |    4719 |     364 |   7.2 |      17 |       1 |   5.6
     Lair:5 |    3655 |    1575 |  30.1 |       9 |       7 |  43.8
     Lair:6 |    7626 |    6904 |  47.5 |      25 |      27 |  51.9
   Shoals:1 |    8041 |       0 |   0.0 |      26 |       0 |   0.0
   Shoals:3 |    1571 |       0 |   0.0 |       4 |       0 |   0.0
    Snake:1 |   15393 |    1402 |   8.3 |      39 |       1 |   2.5
    Snake:2 |   14276 |       0 |   0.0 |      38 |       0 |   0.0
    Snake:3 |    9027 |       0 |   0.0 |      33 |       0 |   0.0
    Snake:4 |   10724 |   14682 |  57.8 |      29 |      43 |  59.7
      Orc:1 |    4435 |    3492 |  44.1 |      62 |       9 |  12.7
      Orc:2 |     601 |    7342 |  92.4 |      18 |      53 |  74.6
    Ossuary |       0 |     226 | 100.0 |       0 |      23 | 100.0
            +---------+---------+-------+---------+---------+-------
